 Seeded DCSS version 0.30-a0-840-ga523dec638 (webtiles) character file.

Game seed: 4398127156956460428 (custom seed)

45 bmack86 the Shield-Bearer (level 3, -1/33 HPs)
             Began as a Minotaur Fighter on Mar 2, 2023.
             Slain by a worm (9 damage)
             ... on level 2 of the Dungeon.
             The game lasted 00:03:16 (748 turns).

bmack86 the Shield-Bearer (Minotaur Fighter)         Turns: 748, Time: 00:03:16

Health: -1/33      AC:  7    Str: 22    XL:     3   Next: 42%
Magic:  2/2        EV:  9    Int:  5    God:
Gold:   96         SH:  4    Dex:  9    Spells: 2/2 levels left

rFire   . . .      SeeInvis .    a - +0 war axe
rCold   . . .      Faith    .    c - +0 buckler
rNeg    . . .      Spirit   .    b - +0 scale mail
rPois   .          Reflect  .    (helmet restricted)
rElec   .          Harm     .    (no cloak)
rCorr   .          Rampage  .    (no gloves)
Will    .....                    (no boots) Stlth
                                 (no amulet)
HPRegen 0.25/turn                (no ring)
MPRegen 0.08/turn                (no ring)

@: lethally poisoned (-1 -> -3)
A: horns 2, retaliatory headbutt
a: no special abilities


You were on level 2 of the Dungeon.
You visited 1 branch of the dungeon, and saw 2 of its levels.

You collected 96 gold pieces.

Inventory:

Hand Weapons
 a - a +0 war axe (weapon)
Armour
 b - a +0 scale mail (worn)
 c - a +0 buckler (worn)
Scrolls
 e - a scroll of identify
Potions
 d - a potion of might
 g - a potion of heal wounds


   Skills:
 + Level 4.0 Fighting
 * Level 3.5 Axes
 + Level 4.0 Armour
 + Level 4.0 Shields


You had 2 spell levels left.
You didn't know any spells.
Your spell library was empty.

Dungeon Overview and Level Annotations

Branches:
Dungeon (2/15)

Altars:


Innate Abilities, Weirdness & Mutations

You have a pair of horns on your head.
You reflexively headbutt those who attack you in melee.


Message History

You feel sick. The adder barely misses you.
The adder bites you but does no damage.
A worm comes into view.
You block the quokka's attack.
The adder bites you but does no damage. x2
You hit the adder but do no damage. You slash the quokka!
You kill the quokka!
You closely miss the adder.
You feel sick. You block the adder's attack. The adder bites you.
The adder closely misses you. The adder bites you.
You closely miss the adder. Your headbutt misses the adder.
You barely miss the adder.
You feel sick. You block the adder's attack. The adder bites you.
You closely miss the adder. x2; You feel sick.
You are no longer poisoned.
The adder bites you but does no damage. The adder barely misses you.
The adder bites you. The adder bites you but does no damage.
You miss the adder. You hit the adder but do no damage.
The adder closely misses you. The adder bites you but does no damage.
The adder closely misses you. You furiously retaliate!
You headbutt the adder. The adder bites you.
You barely miss the adder.
The adder is heavily wounded.
You hit the adder. You block the adder's attack. The adder bites you.
You are poisoned.
The adder poisons you! The adder bites you but does no damage.
You block the adder's attack.
You hit the adder but do no damage.
The adder is heavily wounded.
You closely miss the adder.
You feel very sick. You block the adder's attack. The adder barely misses you.
The adder bites you.
* * * LOW HITPOINT WARNING * * *
You miss the adder.
The adder is heavily wounded.
You closely miss the adder.
You feel sick. The adder barely misses you. x2
The adder bites you but does no damage.
You slash the adder!
You kill the adder!
You closely miss the adder. You hit the worm.
You feel sick. The adder bites you but does no damage. The worm bites you!
You die...

.......$.........
.................
................
. #..............
..##.[..$<.......
.................
........S........
#...#....@†.....>
#.......w........
.......<.........
.................
.................
............##...
.......#.#### ###
##.....#.# #...##
.#


You could see a worm and an adder.

Vanquished Creatures
  An adder (D:2)
  4 bats (D:1)
  3 endoplasms (D:1)
  A giant cockroach (D:1)
  5 goblins (D:1)
  2 hobgoblins
  3 jackals (D:1)
  4 quokkas
  3 ball pythons (D:1)
  3 frilled lizards (D:1)
  7 kobolds (D:1)
  4 rats (D:1)
40 creatures vanquished.

Notes
Turn   | Place    | Note
-------+----------+-------------------------------------------
     0 | D:1      | bmack86 the Minotaur Fighter began the quest for the Orb.
     0 | D:1      | Reached XP level 1. HP: 19/19 MP: 0/0
    93 | D:1      | Reached XP level 2. HP: 27/27 MP: 1/1
   395 | D:1      | Reached XP level 3. HP: 30/33 MP: 2/2
   748 | D:2      | Slain by a worm

Illustrated notes

Levels and vault maps discovered:
D:1:      evilmike_arrival_plus, layout_basic, minmay_misc_feat_chi
D:2:      layout_rooms, nicolae_half_adder, uniq_natasha, uniq_sigmund

Skill      XL: |  1  2  3 |
---------------+----------+-----
Axes           | 3 |  3.5
Shields        | 4 |  4.0
Fighting       | 4 |  4.0
Armour         | 4 |  4.0

Action                     || total
---------------------------++-------
  Melee: War axe           ||    80
         Headbutt          ||    13
    Use: Scroll            ||     2
 Armour: Scale mail        ||    60
  Dodge: Dodged            ||    49
  Block: Buckler           ||    33

Table legend: (Time is in decaauts)
 A = Elapsed time spent in this place.
 B = Non-inter-level travel time spent in this place.
 C = Inter-level travel time spent in this place.
 D = Time resting spent in this place.
 E = Time spent auto-exploring this place.
 F = Levels seen in this place.
 G = Mean time per level.
                   A        B        C        D        E       F      G
               +--------+--------+--------+--------+--------+-----+--------+
         Total |    777 |    729 |     48 |      0 |    391 |   2 |  388.5 |
       Dungeon |    777 |    729 |     48 |      0 |    391 |   2 |  388.5 |
               +--------+--------+--------+--------+--------+-----+--------+

Top non-repeatable levels by time:
     D:1: 757 daAuts
     D:2: 19 daAuts
